 Dungeon Crawl Stone Soup version 0.31.0-11-ge490571c62 (console) character file.

Game seed: 6038617686538187697

30485 Banquo the Fighter (level 13, -7/98 HPs)
             Began as a Djinni Air Elementalist on Feb 9, 2024.
             Was an Elder of Makhleb.
             Shot with an arrow by Nessos (21 damage)
             ... on level 4 of the Lair of Beasts on Feb 10, 2024.
             The game lasted 01:05:45 (21241 turns).

Banquo the Fighter (Djinni Air Elementalist)       Turns: 21241, Time: 01:05:46

Health: -7/98      AC:  6    Str:  7    XL:     13   Next: 89%
Gold:   738        EV: 15    Int: 22    God:    Makhleb [****..] SH:  0 Dex: 14

rFire   + + .        j - +0 whip (elec)
rCold   x . .        (no shield)
rNeg    . . .        d - +0 robe {Will+}
rPois   ∞            h - +0 helmet
rElec   .            e - +0 cloak
rCorr   .            g - +0 pair of gloves
SInv    .            (boots unavailable)
Will    +++..        (no amulet)
Stlth   ++           P - ring of wizardry
HPRegen 0.36/turn    l - ring of willpower
MPRegen 0.00/turn

%: wizardry (x1), infuse magic (-8 HP)
@: flying
A: sickness immunity, fire resistance 2, cold vulnerability 1, float, innate
caster, HP casting, extra vitality 1
a: Renounce Religion, Minor Destruction, Lesser Servant of Makhleb, Major
Destruction


You were on level 4 of the Lair of Beasts.
You worshipped Makhleb.
Makhleb was greatly pleased with you.
You visited 3 branches of the dungeon, and saw 15 of its levels.
You also visited: Sewer.

You collected 738 gold pieces.

Inventory:

Hand Weapons
 j - a +0 whip of electrocution (weapon)
 p - a +2 vampiric whip
 r - a -1 demon whip of venom
 w - a +2 mace of holy wrath
 N - a +4 spear
Missiles
 k - 146 stones
Armour
 d - a +0 robe of willpower (worn)
 e - a +0 cloak (worn)
 g - a +0 pair of gloves (worn)
 h - a +0 helmet (worn)
 i - a +1 kite shield
Magical Staves
 c - a staff of death
Jewellery
 l - a ring of willpower (right hand)
 n - a ring of protection from fire
 t - a ring of resist corrosion
 P - a ring of wizardry (left hand)
Wands
 q - a wand of flame (31)
 D - a wand of digging (8)
 E - a wand of roots (14)
 J - a wand of mindburst (22)
 L - a wand of paralysis (13)
Scrolls
 a - a scroll of butterflies {unknown}
 b - 2 scrolls of enchant armour
 f - 2 scrolls of immolation
 y - 4 scrolls of vulnerability {unknown}
 z - a scroll of fear
 C - a scroll of acquirement
 I - 2 scrolls of identify
 K - a scroll of revelation {unknown}
 M - a scroll of fog
 Q - a scroll of enchant weapon {unknown}
 R - 3 scrolls of teleportation
 S - a scroll of blinking {unknown}
Potions
 m - a potion of brilliance
 o - 8 potions of invisibility
 s - 6 potions of heal wounds
 u - a potion of lignification
 v - 3 potions of cancellation
 x - 2 potions of haste
 A - 2 potions of enlightenment
 B - 2 potions of resistance
 F - 2 potions of might
 G - a potion of mutation
 H - 2 potions of curing
 O - a potion of attraction


   Skills:
 * Level 10.9 Fighting
 - Level 8.0 Armour
 - Level 8.0 Dodging
 - Level 1.5 Stealth
 * Level 7.0 Shields
 * Level 10.4 Spellcasting
 * Level 10.4 Conjurations
 * Level 10.4 Hexes
 * Level 10.4 Summonings
 * Level 10.4 Necromancy
 * Level 10.4 Translocations
 * Level 10.4 Fire Magic
 * Level 10.4 Ice Magic
 * Level 10.4 Air Magic
 * Level 10.4 Earth Magic
 * Level 10.4 Alchemy
 * Level 9.3 Invocations


You knew the following spells:

 Your Spells              Type           Power      Damage    Failure   Level
a - Shock                 Conj/Air       100%       1d9       1%          1
b - Foxfire               Conj/Fire      100%       2x1d9     1%          1
c - Passwall              Erth           55%        N/A       1%          3
d - Static Discharge      Conj/Air       100%       3-8/arc   1%          2
e - Metabolic Englaciati  Hex/Ice        27%        N/A       1%          5
h - Frozen Ramparts       Ice            100%       1d16      1%          3
r - Searing Ray           Conj           100%       2d8       1%          2
y - Yara's Violent Unrav  Hex/Alch       27%        3d12      1%          5
z - Airstrike             Air            27%        2d(4-20)  1%          4
M - Swiftness             Air            55%        N/A       1%          3
Your spell library was empty.

Dungeon Overview and Level Annotations

Branches:
Dungeon (10/15)            Temple (1/1) D:4            Lair (4/5) D:9
  Swamp (0/4) Lair:2       Spider (0/4) Lair:3        Sewer (visited)
  Slime: Lair:4-5       Orc: D:9-12

Altars:
Ashenzari
Cheibriados
Dithmenos
Elyvilon
Fedhas
Gozag
Hepliaklqana
Makhleb
Nemelex Xobeh
Okawaru
Qazlal
Ru
Trog
Uskayaw
Wu Jian
Xom
Yredelemnul
Zin
The Shining One
Jiyva

Shops:
D:3 (   D:9 :   D:10 (

Annotations:
Lair:1 1 runed translucent door, thirtiethelement's ghost, journeyman OpSh
Lair:3 2 transporters, olddryhag's ghost, journeyman OnGl
Lair:4 Nessos


Innate Abilities, Weirdness & Mutations

You are immune to sickness and miasma.
You are immune to poison.
Your flesh is very heat resistant. (rF++)
You are vulnerable to cold. (rC-)
You float through the air rather than walking.
You learn spells naturally, not from books.
Your magical power is your life essence.
You have superior vitality. (+4 MHP)


Message History

Okay, then.
Found a viscous altar of Jiyva.
The air twists around and strikes the jelly!
The jelly quivers.
The jelly is severely wounded.
The air twists around and strikes the jelly!
You kill the jelly!
Makhleb accepts your kill.
You feel better.
You hear a shout!
Nessos the Markscentaur comes into view.
Nessos wields a +3 longbow of flaming.
It bursts into flame!
Nessos shoots an arrow.
The arrow hits you!! The arrow burns you.
A demon appears!
You can no longer summon a greater servant of Makhleb.
Nessos gestures wildly while chanting.
Nessos blinks!
The air twists around and strikes Nessos.
Nessos is lightly wounded.
Nessos shoots an arrow.
The arrow hits you! The arrow burns you.
Nessos shoots an arrow.
The arrow hits you!!
* * * LOW HITPOINT WARNING * * *
The arrow burns you.
* * * LOW HITPOINT WARNING * * *
You are too injured to fight recklessly!
Casting: Airstrike (safe; 1% risk of failure)
Confirm with . or Enter, or press ? or * to list all spells.
Aiming: Airstrike (safe; 1% risk of failure)
Press: ? - help, Dir - move target, f/p - Nessos
Aim: Nessos, wielding a +3 longbow of flaming and wearing a +0 barding (lightly wounded, ally target, empty space bonus: 6/8)
The air twists around and strikes Nessos but does no damage.
* * * LOW HITPOINT WARNING * * *
Nessos casts a spell.
Nessos seems to speed up.
Your smoke demon gestures at Nessos.
The pyre arrow hits Nessos.
Nessos burns!
Nessos gestures wildly while chanting.
Nessos blinks!
Nessos shoots an arrow.
The arrow hits you!!
You die...

.. ... ... ##.#
c..##. ##Y#
#####...#.....#.
.###.
###......#........
....
.................
....
###...........§.
###.
.........3...#.##
#...
#............#
####... #
##....@.###..
##......
..##....##.# .#
#...#...
#.......####...
#...##..
...#..#..###...#
##..#...
................
#.......
_.##....<......#
#....#.# .
#....#.##.####
##......
.....##..###
#...P.#.
####.##.##
#.#.####


You could see Nessos (fast, burning, ally target) and a friendly smoke demon
(summoned).

Vanquished Creatures
  Erica (D:9)
  A two-headed ogre (D:10)
  Urug (Lair:1)
  2 skysharks
  Amaemon (Lair:1)
  11 elephants
  2 black mambas
  Joseph (D:7)
  A torpor snail (Lair:3)
  8 cane toads
  5 komodo dragons
  3 rime drakes
  2 polar bears
  9 blink frogs
  30 yaks
  A wraith (D:10)
  9 basilisks
  8 vampire mosquitoes
  4 wyverns
  8 water moccasins
  Duvessa (D:4)
  4 ice beasts
  4 orc warriors
  A black bear (D:6)
  An ogre (D:7)
  20 wolves
  2 centaurs
  A phantom (D:5)
  5 kobold brigands
  8 bullfrogs
  Dowan (D:4)
  10 wights
  10 killer bees
  11 howler monkeys
  7 orc priests
  3 bombardier beetles
  9 jellies
  8 hounds
  3 iguanas
  Ijyb (D:3)
  A scorpion zombie (D:3)
  Natasha (thrice) (D:3)
  7 orc wizards
  Robin (D:3)
  4 gnolls (D:2)
  8 adders
  3 white imps
  An adder zombie (D:3)
  4 dart slugs
  2 ribbon worms
  37 orcs
  11 ball pythons
  10 bats
  8 endoplasms
  2 giant cockroaches
  15 goblins
  6 hobgoblins
  2 jackals (D:2)
  3 quokkas
  4 frilled lizards
  23 kobolds
  8 rats
381 creatures vanquished.

Vanquished Creatures (collateral kills)
  Harold (Lair:1)
  An orange demon (Lair:1)
  A blink frog (Lair:2)
  2 foxfires (Sewer)
5 creatures vanquished.

Vanquished Creatures (others)
  196 foxfires
196 creatures vanquished.

Grand Total: 582 creatures vanquished

Notes
Turn   | Place    | Note
-------+----------+-------------------------------------------
     0 | D:1      | Banquo the Djinni Air Elementalist began the quest for the
                  | Orb.
     0 | D:1      | Banquo set off with the following spells memorised: Shock,
                  | Static Discharge, Swiftness, Airstrike.
     0 | D:1      | Reached XP level 1. HP: 15/15 MP: 0/0
   159 | D:1      | Reached XP level 2. HP: 21/22 MP: 0/0
   199 | D:1      | Reached skill level 1 in Fighting
   468 | D:1      | Reached XP level 3. HP: 26/27 MP: 0/0
   468 | D:1      | Learned a level 1 spell: Foxfire
  1225 | D:2      | Reached XP level 4. HP: 32/33 MP: 0/0
  1250 | D:2      | HP: 1/33 [gnoll/+0 spear (7)]
  1720 | D:2      | Reached XP level 5. HP: 31/39 MP: 0/0
  1720 | D:2      | Learned a level 2 spell: Searing Ray
  2152 | D:3      | Noticed Natasha
  2158 | D:3      | Killed Natasha
  2210 | D:3      | Found a basalt altar of Yredelemnul.
  2320 | D:3      | Reached XP level 6. HP: 28/46 MP: 0/0
  2466 | D:3      | Noticed Ijyb
  2488 | D:3      | Noticed Natasha
  2492 | D:3      | Killed Natasha
  2495 | D:3      | You are sucked into a shaft and drop 2 floors!
  2495 | D:5      | Entered Level 5 of the Dungeon
  2525 | D:3      | Killed Ijyb
  2604 | D:3      | Found Korusau's Weapon Boutique.
  2638 | D:3      | Found a glowing drain.
  2661 | Sewer    | Entered a sewer
  2699 | Sewer    | HP: 2/47 [kobold brigand/+0 club (6)]
  2701 | Sewer    | Reached skill level 5 in Spellcasting
  2701 | Sewer    | Reached skill level 5 in Conjurations
  2701 | Sewer    | Reached skill level 5 in Hexes
  2701 | Sewer    | Reached skill level 5 in Summonings
  2701 | Sewer    | Reached skill level 5 in Necromancy
  2701 | Sewer    | Reached skill level 5 in Translocations
  2701 | Sewer    | Reached skill level 5 in Fire Magic
  2701 | Sewer    | Reached skill level 5 in Ice Magic
  2701 | Sewer    | Reached skill level 5 in Air Magic
  2701 | Sewer    | Reached skill level 5 in Earth Magic
  2701 | Sewer    | Reached skill level 5 in Alchemy
  2701 | Sewer    | Reached XP level 7. HP: 2/53 MP: 0/0
  2701 | Sewer    | Learned a level 3 spell: Passwall
  3387 | D:3      | Noticed Natasha
  3794 | D:3      | Noticed Robin
  3799 | D:3      | Killed Robin
  3908 | D:3      | Killed Natasha
  4233 | D:4      | Found a staircase to the Ecumenical Temple.
  4244 | Temple   | Entered the Ecumenical Temple
  4423 | D:4      | Noticed Duvessa
  4458 | D:4      | Reached skill level 5 in Fighting
  4580 | D:4      | Noticed Dowan
  4599 | D:4      | Killed Duvessa
  4600 | D:4      | Reached skill level 1 in Armour
  4600 | D:4      | Reached XP level 8. HP: 45/59 MP: 0/0
  4926 | D:4      | Killed Dowan
  5048 | D:4      | Found a staircase to the Ecumenical Temple.
  5678 | D:5      | Found a snail-covered altar of Cheibriados.
  5678 | D:5      | Found a hazy altar of Hepliaklqana.
  5686 | D:5      | Found a glowing golden altar of the Shining One.
  5688 | D:5      | Found an ornate altar of the Wu Jian Council.
  5694 | D:5      | Found a burning altar of Makhleb.
  5699 | D:5      | Found a hide-covered altar of Uskayaw.
  5701 | D:5      | Found a glowing silver altar of Zin.
  5702 | D:5      | Became a worshipper of Makhleb the Destroyer
  5866 | D:5      | Reached skill level 1 in Invocations
  7084 | D:6      | Reached XP level 9. HP: 51/66 MP: 0/0
  7084 | D:6      | Learned a level 3 spell: Frozen Ramparts
  7087 | D:6      | Reached * piety under Makhleb
  8145 | D:7      | Identified a scroll of acquirement
  8429 | D:7      | Reached skill level 5 in Dodging
  8612 | D:7      | Noticed Joseph
  8616 | D:7      | Killed Joseph
  9392 | D:8      | Reached XP level 10. HP: 67/73 MP: 0/0
  9696 | D:8      | HP: 3/73 [orc warrior/+0 war axe (8)]
 10144 | D:8      | Reached ** piety under Makhleb
 10835 | D:8      | Reached skill level 5 in Armour
 12478 | D:9      | Noticed a rime drake
 12480 | D:9      | Reached skill level 5 in Invocations
 12484 | D:9      | Killed a rime drake
 12845 | D:9      | Reached XP level 11. HP: 73/81 MP: 0/0
 12845 | D:9      | Learned a level 5 spell: Metabolic Englaciation
 12870 | D:9      | Found Fyicon's Book Emporium.
 13189 | D:9      | Found a staircase to the Lair.
 13313 | D:9      | Noticed Erica
 13318 | D:9      | Killed Erica
 13451 | Lair:1   | Entered Level 1 of the Lair of Beasts
 13451 | Lair:1   | Noticed Urug
 13576 | D:10     | Entered Level 10 of the Dungeon
 13579 | D:10     | Reached *** piety under Makhleb
 13637 | D:10     | Noticed a two-headed ogre
 13811 | D:10     | Reached skill level 1 in Shields
 13814 | D:10     | Killed a two-headed ogre
 14217 | D:10     | Found Nahoyph's Antique Weapon Shop.
 14423 | D:10     | Found a sparkling altar of Nemelex Xobeh.
 14486 | D:10     | Found a shadowy altar of Dithmenos.
 14745 | Lair:2   | Noticed a skyshark
 14749 | Lair:2   | Killed a skyshark
 14858 | Lair:1   | Noticed thirtiethelement's ghost (journeyman OpSh)
 14861 | Lair:1   | Found a runed translucent door.
 14863 | Lair:1   | Noticed Amaemon
 14894 | Lair:1   | Killed Amaemon
 14895 | Lair:1   | Reached XP level 12. HP: 33/88 MP: 0/0
 16043 | Lair:1   | Noticed Harold
 16198 | Lair:1   | Killed Urug
 16206 | Lair:1   | Killed Harold
 16927 | Lair:2   | Reached **** piety under Makhleb
 16985 | Lair:2   | Found a staircase to the Swamp.
 17284 | Lair:3   | Reached skill level 5 in Shields
 17485 | Lair:3   | Reached XP level 13. HP: 63/96 MP: 0/0
 17485 | Lair:3   | Learned a level 5 spell: Yara's Violent Unravelling
 17627 | Lair:3   | Reached skill level 10 in Fighting
 18606 | Lair:3   | Noticed olddryhag's ghost (journeyman OnGl)
 18607 | Lair:3   | Found a transporter.
 19002 | Lair:3   | Found a transporter.
 19040 | Lair:3   | Reached skill level 10 in Spellcasting
 19040 | Lair:3   | Reached skill level 10 in Conjurations
 19040 | Lair:3   | Reached skill level 10 in Hexes
 19040 | Lair:3   | Reached skill level 10 in Summonings
 19040 | Lair:3   | Reached skill level 10 in Necromancy
 19040 | Lair:3   | Reached skill level 10 in Translocations
 19040 | Lair:3   | Reached skill level 10 in Fire Magic
 19040 | Lair:3   | Reached skill level 10 in Ice Magic
 19040 | Lair:3   | Reached skill level 10 in Air Magic
 19040 | Lair:3   | Reached skill level 10 in Earth Magic
 19040 | Lair:3   | Reached skill level 10 in Alchemy
 19622 | Lair:3   | Found a hole to the Spider Nest.
 20218 | Lair:4   | HP: 1/98 [elephant (6)]
 20892 | Lair:4   | Noticed an eight-headed hydra
 21223 | Lair:4   | Reached ***** piety under Makhleb
 21227 | Lair:4   | Found a viscous altar of Jiyva.
 21237 | Lair:4   | Noticed Nessos
 21241 | Lair:4   | Shot with an arrow by Nessos

Illustrated notes

Levels and vault maps discovered:
D:1:      heliophobic_arrival_dark_side_of_the_moon, layout_basic
D:2:      layout_loops_ring, minmay_shallow_snake_nest
D:3:      layout_basic, lemuel_zombie_altar_yredelemnul, portal_sewer_entry_e,
          serial_shops, nicolae_shop_getting_attention, uniq_natasha, uniq_ijyb,
          uniq_robin
D:4:      layout_loops_cross, minmay_temple_entry_statues_pillars, uniq_duvessa
D:5:      layout_basic, nicolae_overflow_hallway_of_the_gods,
          grunt_ministairs_3, water_boxes_lemuel
D:6:      layout_loops_ring
D:7:      layout_basic, uniq_joseph
D:8:      layout_basic
D:9:      layout_roguey, hellmonk_lair_entry_icy, serial_shops,
          nicolae_shop_pleasant_corner_grove, uniq_erica
D:10:     layout_cave_pools, kennysheep_little_box,
          grunt_dithmenos_smoke_and_mirrors, serial_shops, shop
Temple:   chequers_temple_sunken
Lair:1:   layout_small_grid, hellmonk_ghost_happy_afterlife,
          eino_small_chamber_without_monster, uniq_harold, uniq_urug,
          uniq_amaemon
Lair:2:   layout_cellular_growth, minmay_swamp_entry_swarm, lemuel_fruit_tree
Lair:3:   layout_roguey, dummy_spider_entry, gammafunk_ghost_hive,
          grunt_megastairs_4
Lair:4:   layout_loops_ring, minmay_slime_entry_jelly_boxes,
          beast_lair_carwin_2, uniq_rupert, uniq_nessos

Skill      XL: |  1  2  3  4  5  6  7  8  9 10 11 12 13 |
---------------+----------------------------------------+-----
Fighting       | 1 2 3 4 5 6 7 8 9 10 | 10.9
Spellcasting   | 4 5 6 7 8 9 10 | 10.4
Conjurations   | 4 5 6 7 8 9 10 | 10.4
Hexes          | 4 5 6 7 8 9 10 | 10.4
Summonings     | 4 5 6 7 8 9 10 | 10.4
Necromancy     | 4 5 6 7 8 9 10 | 10.4
Translocations | 4 5 6 7 8 9 10 | 10.4
Fire Magic     | 4 5 6 7 8 9 10 | 10.4
Ice Magic      | 4 5 6 7 8 9 10 | 10.4
Air Magic      | 4 5 6 7 8 9 10 | 10.4
Earth Magic    | 4 5 6 7 8 9 10 | 10.4
Alchemy        | 4 5 6 7 8 9 10 | 10.4
Armour         | 1 3 4 5 7 8 |  8.0
Dodging        | 4 5 6 8 |  8.0
Invocations    | 2 3 5 6 8 9 |  9.3
Shields        | 2 5 7 |  7.0
Stealth        | |  1.5

Action                     |  1- 3 |  4- 6 |  7- 9 | 10-12 | 13-15 || total
---------------------------+-------+-------+-------+-------+-------++-------
  Melee: Whip              |       |    10 |     5 |       |       ||    15
         Punch             |       |       |     1 |       |       ||     1
   Cast: Shock             |    58 |    60 |    64 |       |       ||   182
         Foxfire           |     2 |    55 |    52 |     6 |       ||   115
         Searing Ray       |       |     2 |     4 |       |       ||     6
         Static Discharge  |       |     2 |     1 |     5 |    10 ||    18
         Airstrike         |       |       |    85 |   326 |   208 ||   619
         Frozen Ramparts   |       |       |     1 |     3 |     6 ||    10
         Swiftness         |       |       |       |     2 |     1 ||     3
 Invoke: Lesser Servant of |       |       |       |     4 |     2 ||     6
    Use: Potion            |       |     1 |       |     1 |     1 ||     3
         Scroll            |       |       |    13 |     7 |     2 ||    22
 Armour: Robe              |     1 |    49 |    27 |    50 |    63 ||   190
  Dodge: Dodged            |    11 |    40 |    21 |    30 |    37 ||   139
